 Dungeon Crawl Stone Soup version 0.29-a0-1027-gcd8c55af63 (webtiles) character file.

Game seed: 17289493227512804193

1 ragingrage the Sneak (level 1, 0/19 HPs)
             Began as a Minotaur Delver on Aug 13, 2022.
             Slain by a hound (4 damage)
             ... on level 4 of the Dungeon.
             The game lasted 00:00:25 (61 turns).

ragingrage the Sneak (Minotaur Delver)                Turns: 61, Time: 00:00:26

Health: 0/19       AC:  3    Str: 16    XL:     1   Next: 16%
Magic:  0/0        EV: 11    Int:  7    God:
Gold:   0          SH:  0    Dex: 11    Spells: 0/0 levels left

rFire   . . .      SeeInvis .   a - +0 hand axe
rCold   . . .      Faith    .   (no shield)
rNeg    . . .      Spirit   .   b - +0 leather armour
rPois   .          Reflect  .   (helmet restricted)
rElec   .          Harm     .   (no cloak)
rCorr   .          Rampage  .   (no gloves)
Will    .....                   (no boots)
Stlth   ++........              (no amulet)
HPRegen 0.06/turn               (no ring)
MPRegen 0.07/turn               (no ring)

@: no status effects
A: horns 2, retaliatory headbutt
a: no special abilities


You were on level 4 of the Dungeon.
You visited 1 branch of the dungeon, and saw 3 of its levels.

Inventory:

Hand Weapons
 a - a +0 hand axe (weapon)
Armour
 b - a +0 leather armour (worn)
Wands
 g - a wand of digging (2)
 h - a wand of flame (15)
Scrolls
 c - a scroll of fog
 d - a scroll of magic mapping
 e - a scroll of fear
Potions
 f - a potion of haste


   Skills:
 - Level 3.6 Fighting
 * Level 2.6 Axes
 - Level 2.1 Dodging
 - Level 4.1 Stealth


You couldn't memorise any spells.
You didn't know any spells.
Your spell library was empty.

Dungeon Overview and Level Annotations

Branches:
Dungeon (6/15)
 Temple: D:4-7

Altars:

Shops:
D:4 *

Annotations:
D:5 exclusion: downstairs


Innate Abilities, Weirdness & Mutations

You have a pair of horns on your head.
You reflexively headbutt those who attack you in melee.


Message History

The endoplasm jiggles.
The giant cockroach bites you.
You hit the giant cockroach but do no damage.
The giant cockroach closely misses you.
The giant cockroach bites you but does no damage.
You hit the giant cockroach.
The giant cockroach is heavily wounded.
The giant cockroach bites you.
You hit the giant cockroach.
You kill the giant cockroach!
No reachable target in view!
No reachable target in view!
No reachable target in view!
No reachable target in view!
No reachable target in view!
No reachable target in view!
An iguana comes into view.
Found a book of Geomancy.
Why would you want to do that? Why would you want to do that?
A black bear comes into view.
Found a scroll labelled OBLUNE POAVVI.
The black bear growls angrily.
A hound comes into view.
The hound barks!
Aiming: Dig
Press: ? - help, Shift-Dir - straight line You can't see that place.
The rock shatters into small pieces.
The hound bites you.
The hound pauses to sniff the ground.
The hound bites you. The hound attacks as you move away! The hound bites you.
The hound attacks as you move away! The hound closely misses you.
You furiously retaliate!
You headbutt the hound. The hound bites you.
The hound attacks as you move away! The hound barely misses you.
The hound attacks as you move away! The hound bites you.
* * * LOW HITPOINT WARNING * * *
The hound bites you.
You die...

#...#######
##....h...##
##.#####..## #.#
##...# #.#
#.##...#
#.####h# ##....
#..[..## ##.
#...h.# #...@.#
#.....#
###.#######
.#####..........
.......#.#######
#.###..........
#.≈≈≈≈≈≈≈≈≈
#.≈........
#.≈.≈≈≈≈≈≈≈


You could see a black bear and a hound.

Vanquished Creatures
  A giant cockroach (D:4)
1 creature vanquished.

Notes
Turn   | Place    | Note
-------+----------+-------------------------------------------
     0 | D:5      | ragingrage the Minotaur Delver began the quest for the Orb.
     0 | D:5      | Reached XP level 1. HP: 19/19 MP: 0/0
     1 | D:6      | Noticed an orc warrior
     1 | D:6      | Noticed an orc priest
    27 | D:4      | Found Loramexac's General Store.
    33 | D:4      | Noticed an iguana
    45 | D:4      | Noticed a black bear
    53 | D:4      | Noticed a hound
    61 | D:4      | Slain by a hound

Illustrated notes

Levels and vault maps discovered:
D:4:      layout_rooms, nicolae_overflow_hidden_temple,
          minmay_temple_entry_proselytizer, serial_shops,
          nicolae_inconvenience_store
D:5:      layout_cave_pods
D:6:      layout_basic, nicolae_ru_great_annihilating_truth,
          nicolae_overflow_crystal_walls, nicolae_ashenzari_skybound,
          serial_shops, nicolae_shop_bloodbath_and_beyond, uniq_sigmund

Action                   || total
-------------------------++-------
Melee: Hand axe          ||     3
Evoke: Wand              ||     1
Armor: Leather armour    ||     1
Dodge: Dodged            ||     3

Table legend: (Time is in decaauts)
 A = Elapsed time spent in this place.
 B = Non-inter-level travel time spent in this place.
 C = Inter-level travel time spent in this place.
 D = Time resting spent in this place.
 E = Time spent auto-exploring this place.
 F = Levels seen in this place.
 G = Mean time per level.
                   A        B        C        D        E       F      G
               +--------+--------+--------+--------+--------+-----+--------+
         Total |     61 |     55 |      6 |      0 |      9 |   3 |   20.3 |
       Dungeon |     61 |     55 |      6 |      0 |      9 |   3 |   20.3 |
               +--------+--------+--------+--------+--------+-----+--------+

Top non-repeatable levels by time:
     D:4: 41 daAuts
     D:5: 18 daAuts
     D:6: 1 daAuts
